 Seeded DCSS version 0.31-a0-672-g7da72447bb (webtiles) character file.

Game seed: 1506527097514143605 (custom seed)

66 demibob the Slasher (level 3, 30/30 HPs)
             Began as a Minotaur Gladiator on Sept 4, 2023.
             Quit the game on level 2 of the Dungeon.
             The game lasted 00:01:38 (1592 turns).

demibob the Slasher (Minotaur Gladiator)            Turns: 1592, Time: 00:01:38

Health: 30/30      AC:  3    Str: 18      XL:     3   Next: 96%
Magic:  2/2        EV: 12    Int:  4 (5)  God:
Gold:   62         SH:  0    Dex: 13      Spells: 2/2 levels left

rFire   . . .        a - +1 long sword
rCold   . . .        (no shield)
rNeg    . . .        b - +0 leather armour
rPois   .            c - +0 hat
rElec   .            (no cloak)
rCorr   .            (no gloves)
SInv    .            (no boots)
Will    .....        (no amulet)
Stlth   +            (no ring)
HPRegen 0.25/turn    (no ring)
MPRegen 0.08/turn

%: no passive effects
@: no status effects
A: horns 2, retaliatory headbutt, deterioration 1, inability to read after
injury 1, sturdy frame 1
a: no special abilities


You were on level 2 of the Dungeon.
You visited 1 branch of the dungeon, and saw 2 of its levels.

You collected 62 gold pieces.


Innate Abilities, Weirdness & Mutations

You have a pair of horns on your head.
You reflexively headbutt those who attack you in melee.
Your body sometimes deteriorates upon taking damage.
You occasionally lose the ability to read scrolls when taking damage.
Your movements are slightly less encumbered by armour. (ER -2)


   Skills:
 - Level 2.4 Fighting
 + Level 5.9 Long Blades
 - Level 2.0 Throwing
 - Level 3.2 Dodging


You had 2 spell levels left.
You didn't know any spells.
Your spell library contained the following spells:

 Spells                   Type           Power      Damage    Failure   Level
 Slow                     Hex            0%         N/A       52%         1
 Confusing Touch          Hex            0%         N/A       87%         3
 Vampiric Draining        Necr           0%         2d6       87%         3

Inventory:

Hand Weapons
 a - a +1 long sword (weapon)
Missiles
 d - 3 throwing nets (quivered) {=f}
 e - a javelin
Armour
 b - a +0 leather armour (worn)
 c - a +0 hat (worn)
 q - a +2 pair of gloves
 r - a +0 pair of boots
Jewellery
 p - an amulet of the acrobat
 Z - a ring of wizardry
Scrolls
 f - a scroll of revelation {unknown}
 g - a scroll of brand weapon {unknown}
 j - a scroll of fog {unknown}
 m - 4 scrolls of poison {unknown}
 n - 2 scrolls of identify {unknown}
 o - a scroll of acquirement
Potions
 h - a potion of mutation
 i - a potion of curing {unknown}
 l - a potion of haste {unknown}

Dungeon Overview and Level Annotations

Branches:
Dungeon (2/15)

Altars:

#
##################
................@#
..#.############.#
..#.## #.#
.....######## #.#
..#.........# #.#
..##.######.# #.#
>.##.# #.# #.#
..##.# #.# #.#
..##.######.####.##


There were no monsters in sight!


Message History

r - a +0 pair of boots You now have 53 gold pieces (gained 11).
You now have 62 gold pieces (gained 9).
n - 2 scrolls labelled AWIUXO WUYMI (gained 1)
A kobold comes into view. It is wielding a +0 dagger.
A kobold is nearby!
A kobold is nearby!
The kobold shouts!
You hit the kobold.
You kill the kobold!
No target in view!
No target in view!
No target in view!
No target in view!
No target in view!
No target in view!
No target in view!
No target in view!
No target in view!
Things that are here:
a +0 dagger; a kobold corpse Done exploring.
Done exploring.
Done exploring.
Done exploring.
As you read the scroll labelled DOIRY DIHOPU, it crumbles to dust.
It is a scroll of enchant weapon.
Your +0 long sword glows red for a moment.
This is a scroll of acquirement!
Are you sure you want to abandon this character and quit the game? (Confirm with "yes".)

Skill      XL: |  1  2 |
---------------+-------+-----
Long Blades    | 4 5 |  5.9
Fighting       | |  2.4
Throwing       | |  2.0
Dodging        | |  3.2

Action                     || total
---------------------------++-------
  Melee: Long sword        ||    82
         Headbutt          ||    11
         Punch             ||     1
    Use: Potion            ||     2
         Scroll            ||     1
   Stab: Sleeping          ||     1
 Armour: Leather armour    ||    55
  Dodge: Dodged            ||    68

Levels and vault maps discovered:
D:1:      minmay_arrival_checkered_box, layout_basic, serial_corexii_hall,
          corexii_hall_statues_x, corexii_hall_statues_t,
          corexii_hall_statues_t, chequers_hall_statues_wall_a,
          minmay_stone_trees_medium, st_stairs_8, minmay_ruptured
D:2:      layout_loops_ring

Notes
Turn   | Place    | Note
-------+----------+-------------------------------------------
     0 | D:1      | demibob the Minotaur Gladiator began the quest for the Orb.
     0 | D:1      | Reached XP level 1. HP: 18/18 MP: 0/0
    46 | D:1      | Reached skill level 4 in Long Blades
   112 | D:1      | Reached XP level 2. HP: 21/25 MP: 1/1
   408 | D:1      | Reached skill level 5 in Long Blades
   928 | D:1      | Reached XP level 3. HP: 29/30 MP: 2/2
  1056 | D:2      | Gained mutation: Your body sometimes deteriorates upon
                  | taking damage. [potion of mutation]
  1056 | D:2      | Gained mutation: Your movements are slightly less
                  | encumbered by armour. (ER -2) [potion of mutation]
  1056 | D:2      | Gained mutation: You occasionally lose the ability to read
                  | scrolls when taking damage. [potion of mutation]
  1592 | D:2      | Identified a scroll of acquirement
  1592 | D:2      | Quit the game

Vanquished Creatures
  2 adders (D:2)
  2 dart slugs
  5 ball pythons
  2 endoplasms (D:1)
  6 goblins
  7 hobgoblins
  3 kobolds
  3 quokkas
  5 bats (D:1)
  2 frilled lizards (D:1)
  3 rats
40 creatures vanquished.

Table legend: (Time is in decaauts)
 A = Elapsed time spent in this place.
 B = Non-inter-level travel time spent in this place.
 C = Inter-level travel time spent in this place.
 D = Time resting spent in this place.
 E = Time spent auto-exploring this place.
 F = Levels seen in this place.
 G = Mean time per level.
                   A        B        C        D        E       F      G
               +--------+--------+--------+--------+--------+-----+--------+
         Total |   1604 |   1594 |     10 |     37 |   1319 |   2 |  802.0 |
       Dungeon |   1604 |   1594 |     10 |     37 |   1319 |   2 |  802.0 |
               +--------+--------+--------+--------+--------+-----+--------+

Top non-repeatable levels by time:
     D:1: 987 daAuts
     D:2: 617 daAuts

Table legend:
 A = Non-vault XP
 B = Vault XP
 C = Vault XP percentage of total XP
 D = Non-vault monster count
 E = Vault monster count
 F = Vault count percentage of total count
                 A         B        C        D         E       F
            +---------+---------+-------+---------+---------+-------
      Total |      86 |       9 |   9.5 |      33 |       7 |  17.5
            +---------+---------+-------+---------+---------+-------
        D:1 |      35 |       9 |  20.5 |      19 |       7 |  26.9
        D:2 |      51 |       0 |   0.0 |      14 |       0 |   0.0
            +---------+---------+-------+---------+---------+-------
